 Dungeon Crawl Stone Soup version 0.28.0-53-g5a82cb258f (webtiles) character file.

Game seed: 1683836558792690545

286 eliilek the Shield-Bearer (level 6, -4/53 HPs)
             Began as a Minotaur Fighter on Mar 16, 2022.
             Slain by a gnoll
             ... wielding a +0 halberd
              (7 damage)
             ... on level 4 of the Dungeon on June 10, 2022.
             The game lasted 00:12:31 (3024 turns).

eliilek the Shield-Bearer (Minotaur Fighter)        Turns: 3024, Time: 00:12:32

Health: -4/53      AC:  8    Str: 20    XL:     6   Next: 8%
Magic:  5/5        EV:  9    Int:  5    God:
Gold:   184        SH:  5    Dex: 12    Spells: 5/5 levels left

rFire   . . .      SeeInvis .   a - +0 flail
rCold   . . .      Faith    .   c - +0 buckler
rNeg    + . .      Spirit   .   m - +1 scale mail {rPois}
rPois   +          Reflect  .   (helmet restricted)
rElec   .          Harm     .   (no cloak)
rCorr   .          Rampage  .   (no gloves)
Will    .....                   (no boots)
Stlth   ..........              (no amulet)
HPRegen 0.17/turn               h - ring of positive energy
MPRegen 0.09/turn               (no ring)

@: lit by a corona, glowing
A: horns 2, retaliatory headbutt
a: no special abilities


You were on level 4 of the Dungeon.
You visited 1 branch of the dungeon, and saw 4 of its levels.

You collected 184 gold pieces.

Inventory:

Hand Weapons
 a - a +0 flail (weapon)
Missiles
 e - 2 throwing nets (quivered)
 n - 3 poisoned darts
Armour
 c - a +0 buckler (worn)
 m - a +1 scale mail of poison resistance (worn)
Jewellery
 h - a ring of positive energy (left hand)
Scrolls
 d - 5 scrolls of identify
 l - 2 scrolls of teleportation {unknown}
Potions
 b - 2 potions of attraction {unknown}
 f - 2 potions of curing
 g - a potion of lignification {unknown}
 i - a potion of berserk rage {unknown}
 j - a potion of haste {unknown}
 k - a potion of invisibility {unknown}


   Skills:
 + Level 4.7 Fighting
 * Level 4.8 Maces & Flails
 + Level 4.6 Armour
 * Level 5.6 Shields


You had 5 spell levels left.
You didn't know any spells.
Your spell library was empty.

Dungeon Overview and Level Annotations

Branches:
Dungeon (4/15)
 Temple: D:4-7

Altars:


Innate Abilities, Weirdness & Mutations

You have a pair of horns on your head.
You reflexively headbutt those who attack you in melee.


Message History

You kill the gnoll!
The gnoll hits you from afar with a +0 halberd!
You have reached level 6!
The gnoll shaman calls upon its god to speed up the gnoll.
The gnoll seems to speed up.
The gnoll shaman calls upon its god to speed up the gnoll.
The gnoll seems to speed up.
You block the gnoll's attack.
The gnoll hits you from afar with a +0 halberd.
The gnoll hits you with a +0 spear.
A gnoll comes into view. It is wielding a +0 flail.
You barely miss the gnoll.
The gnoll hits you from afar with a +0 halberd.
You block the gnoll's attack.
You sock the gnoll!
The gnoll is almost dead.
The gnoll closely misses you. The gnoll barely misses you.
You furiously retaliate!
You headbutt the gnoll.
You kill the gnoll!
The gnoll hits you but does no damage.
The gnoll shaman mumbles some strange prayers to its god against you.
You are outlined in light.
Unknown command.
The gnoll hits you with a +0 halberd!
The gnoll shaman hits you with a +0 club.
The gnoll hits you with a +0 halberd!
* * * LOW HITPOINT WARNING * * *
Things that are here:
a +0 spear; a gnoll corpse You closely miss the gnoll.
The gnoll hits you but does no damage.
The gnoll shaman hits you with a +0 club.
* * * LOW HITPOINT WARNING * * *
The gnoll hits you with a +0 halberd.
* * * LOW HITPOINT WARNING * * *
There are monsters nearby!
You closely miss the gnoll. You headbutt the gnoll.
The gnoll is lightly wounded.
You block the gnoll's attack. You block the gnoll shaman's attack.
The gnoll hits you with a +0 halberd!
You die...

..................... ##+###
..................... ......
..................... ......
..................... ......
[...............#########
#####.
................##......#
..###
###+####..###...##......#
..... ##..########......#
..... #.......Og@....<..#
..... #.......gg##.))##.#
+#### .
#.........##..)##.##... .g.
#...########...........
.....##.O.###...##...........
......)....#.................
..O...#....#..................
......#....#..................
..... #....#....##...###....#


You could see an ogre, a gnoll shaman and 2 gnolls.

Vanquished Creatures
  A phantom (D:4)
  A gnoll shaman (D:3)
  Robin (D:3)
  6 gnolls
  4 adders (D:2)
  A dart slug (D:2)
  3 orcs (D:3)
  3 ball pythons
  4 endoplasms
  A giant cockroach (D:1)
  15 goblins
  12 hobgoblins
  8 jackals (D:2)
  A bat (D:2)
  A frilled lizard (D:2)
  4 kobolds
  2 rats
68 creatures vanquished.

Notes
Turn   | Place    | Note
-------+----------+-------------------------------------------
     0 | D:1      | eliilek the Minotaur Fighter began the quest for the Orb.
     0 | D:1      | Reached XP level 1. HP: 19/19 MP: 0/0
   385 | D:1      | Reached XP level 2. HP: 26/27 MP: 1/1
   814 | D:2      | Reached skill level 4 in Shields
   926 | D:2      | Reached XP level 3. HP: 6/33 MP: 2/2
  1639 | D:2      | Reached XP level 4. HP: 35/40 MP: 3/3
  1900 | D:2      | Upgraded the game from 0.28.0-43-g3370ac3207 to
                  | 0.28.0-45-g0d030f2227
  2004 | D:3      | Noticed Robin
  2017 | D:3      | Killed Robin
  2165 | D:3      | Upgraded the game from 0.28.0-45-g0d030f2227 to
                  | 0.28.0-53-g5a82cb258f
  2337 | D:3      | Reached skill level 5 in Shields
  2337 | D:3      | Reached XP level 5. HP: 46/47 MP: 4/4
  2674 | D:4      | Noticed a phantom
  2687 | D:4      | Killed a phantom
  3004 | D:4      | Noticed an ogre
  3006 | D:4      | Reached XP level 6. HP: 45/53 MP: 5/5
  3023 | D:4      | HP: 2/53 [gnoll/+0 halberd (2)]
  3024 | D:4      | Slain by a gnoll

Illustrated notes

Levels and vault maps discovered:
D:1:      wheals_arrival_shading, layout_loops_cross
D:2:      cheibrodos_greedy_goblins, layout_loops_ring
D:3:      layout_basic, hellmonk_ecumenical_altar_arch_garden,
          lightli_corner_chamber, uniq_robin
D:4:      layout_gridville

Skill      XL: |  1  2  3  4 |
---------------+-------------+-----
Shields        | 4 5 |  5.6
Maces & Flails | 3 4 |  4.8
Fighting       | 4 |  4.7
Armour         | 4 |  4.6

Action                   |  1- 3 |  4- 6 || total
-------------------------+-------+-------++-------
Melee: Flail             |    98 |    84 ||   182
       Headbutt          |     9 |    17 ||    26
  Use: Potion            |     1 |       ||     1
       Scroll            |       |     1 ||     1
Armor: Scale mail        |    49 |    29 ||    78
Dodge: Dodged            |    42 |    41 ||    83
Block: Buckler           |    21 |    27 ||    48
